 Dungeon Crawl Stone Soup version 0.25-b1-46-gb8a1ec05df (webtiles) character file.

Game seed: 17387597007182575795

5099 grindst0ne the Cleaver (level 10, 0/94 HPs)
             Began as a Naga Gladiator on June 9, 2020.
             Was a Priest of Cheibriados.
             Slain by a two-headed ogre
             ... wielding a +0 giant spiked club
              (11 damage)
             ... on level 10 of the Dungeon.
             The game lasted 00:18:05 (9890 turns).

grindst0ne the Cleaver (Naga Gladiator)             Turns: 9890, Time: 00:18:05

Health: 0/94       AC:  8    Str: 25    XL:     10   Next: 57%
Magic:  2/11       EV: 13    Int: 22    God:    Cheibriados [***...]
Gold:   410        SH:  5    Dex: 20    Spells: 9/9 levels left

rFire    . . .     SeeInvis +   J - +2 war axe "Dyach" {flame, Int+2} (curse)
rCold    . . .     Gourm    .   (no shield)
rNeg     . . .     Faith    .   M - +1 ring mail of Ishimn {rPois} (curse)
rPois    +         Spirit   .   c - +0 helmet
rElec    .         Reflect  +   (no cloak)
rCorr    .         Harm     .   (no gloves)
MR       +....                  (no barding)
Stlth    ++........             e - amulet of reflection
HPRegen  0.25/turn              (no ring)
MPRegen  0.12/turn              (no ring)

@: very slow
A: large, see invisible, deformed body, poison resistance, slowness 2, slow
metabolism 1, spit poison 1, AC +3
a: Spit Poison, Bend Time, Temporal Distortion, Renounce Religion


You were on level 10 of the Dungeon.
You worshipped Cheibriados.
Cheibriados was most pleased with you.
You were hungry.

You visited 1 branch of the dungeon, and saw 10 of its levels.

You collected 447 gold pieces.
You spent 37 gold pieces at shops.

Inventory:

Hand Weapons
 r - a +1 battleaxe
 J - the cursed +2 war axe "Dyach" (weapon) {flame, Int+2}
   (You found it on level 9 of the Dungeon)

   It has been specially enchanted to burn those struck by it, causing extra
   injury to most foes and up to half again as much damage against particularly
   susceptible opponents.
   Big, fiery blades are also staple armaments of hydra-hunters.
   It affects your intelligence (+2).
   It has a curse placed upon it.
Missiles
 t - 29 poisoned darts (quivered)
 B - 4 curare-tipped darts
Armour
 c - a +0 helmet (worn)
 y - a +0 scale mail
 E - a cursed +0 buckler
 M - the cursed +1 ring mail of Ishimn (worn) {rPois}
   (You found it on level 10 of the Dungeon)

   It protects you from poison.
   It has a curse placed upon it.
Jewellery
 e - an amulet of reflection (around neck)
 h - an uncursed amulet of magic regeneration
Wands
 d - a wand of iceblast (13)
 g - a wand of flame (4)
 K - a wand of clouds (4)
Scrolls
 k - a scroll of amnesia
 n - 2 scrolls of enchant weapon
 s - 4 scrolls of remove curse
 z - 2 scrolls of vulnerability
 A - a scroll of torment
 C - 2 scrolls of magic mapping
 G - 5 scrolls of identify
 H - 2 scrolls of teleportation {unknown}
 I - 2 scrolls of fear
 L - a scroll of summoning {unknown}
 N - a scroll of blinking
Potions
 a - a potion of ambrosia {unknown}
 j - 3 potions of curing
 l - 3 potions of flight {unknown}
 m - a potion of degeneration {unknown}
 o - 3 potions of brilliance {unknown}
 q - a potion of resistance {unknown}
 u - a potion of invisibility
 v - 3 potions of mutation {unknown}
 w - 2 potions of lignification {unknown}
 D - a potion of magic {unknown}
 F - a potion of berserk rage
Comestibles
 f - 13 rations


   Skills:
 + Level 7.3 Fighting
 + Level 8.9 Axes
 - Level 5.3 Throwing
 - Level 3.4 Armour
 + Level 6.4 Dodging
 - Level 2.8 Stealth
 + Level 2.4 Invocations
 + Level 2.2 Evocations


You had 9 spell levels left.
You didn't know any spells.
Your spell library was empty.

Dungeon Overview and Level Annotations

Branches:
Dungeon (10/15)            Temple (0/1) D:5
   Lair: D:8-11         Orc: D:9-12

Altars:
Cheibriados
Elyvilon
Fedhas
Gozag
Kikubaaqudgha
Qazlal
Uskayaw
Wu Jian
Yredelemnul

Shops:
D:7 *


Innate Abilities, Weirdness & Mutations

You cannot wear boots.
Your serpentine skin is tough. (AC +3)
You have supernaturally acute eyesight. (SInv)
Armour fits poorly on your strangely shaped body.
Your system is resistant to poisons. (rPois)
You cover ground very slowly.
You have a slow metabolism.
You can spit poison.


Message History

Okay, then.
Okay, then.
Evoke which item? (* to show all) (? for menu, Esc to quit)
Aiming: Corrosive Bolt
Press: ? - help, Shift-Dir - straight line, f/p - two-headed ogre
Aim: a two-headed ogre, wielding a +0 giant spiked club and a +0 giant club (heavily wounded, very poisoned)
The bolt of acid hits the two-headed ogre!
The two-headed ogre is splashed with acid.
The two-headed ogre is severely wounded.
Evoke which item? (* to show all) (? for menu, Esc to quit)
Aiming: Corrosive Bolt
Press: ? - help, Shift-Dir - straight line, f/p - two-headed ogre
Aim: a two-headed ogre, wielding a +0 giant spiked club and a +0 giant club (severely wounded, very poisoned)
The bolt of acid misses the two-headed ogre.
The now-empty wand crumbles to dust.
You have got your breath back.
You hit the two-headed ogre but do no damage.
The two-headed ogre is severely wounded.
The two-headed ogre hits you with a +0 giant spiked club!
You die...

###.# ...#
#.###########
#.....[......
##.####.###.##.....
.. #.......#
#.#...## #..
#..####.# #..#
.###.# #.#..####.#
#.## #.##.#
#....†O@..# #.#
#.##.# #.....#####
#.## ##.##.# #.....
##.###..##.. #.....
##.[....... #.....
##.#####.. ###.#.
#.# #.. #.#.
#.#####.. ....
#........ #.....<..


You could see a two-headed ogre (very poisoned).

Vanquished Creatures
  Pikel (D:8)
  A hippogriff (D:7)
  Sigmund (D:2)
  A wyvern (D:8)
  A hungry ghost (D:9)
  2 yaks (D:10)
  A water moccasin (D:6)
  4 orc warriors
  An ice beast (D:8)
  A black bear (D:9)
  A sky beast (D:9)
  2 necrophages
  3 ogres
  2 centaurs
  11 bullfrogs
  3 killer bees (D:8)
  A scorpion (D:7)
  6 howler monkeys
  5 crimson imps
  3 hounds
  4 orc priests
  A jelly (D:10)
  7 orc wizards
  A bullfrog skeleton (D:2)
  2 centaur skeletons
  An iguana (D:9)
  Ijyb (D:3)
  11 worker ants
  2 bullfrog simulacra (D:10)
  3 hound skeletons
  A howler monkey zombie (D:5)
  6 adders
  4 shadow imps
  A white imp (D:10)
  An ufetubus (D:10)
  A worm (D:2)
  2 dart slugs
  6 leopard geckos
  35 orcs
  6 giant cockroaches
  12 goblins
  12 hobgoblins
  7 jackals
  4 quokkas
  9 bats
  7 frilled lizards
  4 kobolds
  A leopard gecko skeleton (D:6)
  A leopard gecko zombie (D:6)
  13 rats
  A spectral orc (D:5)
218 creatures vanquished.

Vanquished Creatures (others)
  A slave (D:8)
  A howler monkey (D:8)
2 creatures vanquished.

Grand Total: 220 creatures vanquished

Notes
Turn   | Place    | Note
-------+----------+-------------------------------------------
     0 | D:1      | grindst0ne the Naga Gladiator began the quest for the Orb.
     0 | D:1      | Reached XP level 1. HP: 19/19 MP: 1/1
   127 | D:1      | Reached XP level 2. HP: 18/26 MP: 2/2
   671 | D:1      | Reached XP level 3. HP: 19/32 MP: 3/3
  1251 | D:2      | Reached skill level 1 in Armour
  1672 | D:2      | Noticed a centaur
  1682 | D:2      | Killed a centaur
  1682 | D:2      | Reached skill level 1 in Stealth
  1682 | D:2      | Reached XP level 4. HP: 17/42 MP: 4/4
  1682 | D:2      | Reached XP level 5. HP: 20/49 MP: 5/5
  1869 | D:2      | Found a blossoming altar of Fedhas.
  2094 | D:2      | Noticed Sigmund
  2106 | D:2      | Killed Sigmund
  2106 | D:2      | Reached XP level 6. HP: 32/56 MP: 6/6
  2433 | D:2      | Found a faded altar of an unknown god.
  2747 | D:3      | Noticed Ijyb
  2771 | D:3      | Killed Ijyb
  2974 | D:3      | Found an ancient bone altar of Kikubaaqudgha.
  3335 | D:4      | Reached XP level 7. HP: 64/64 MP: 7/7
  3344 | D:4      | You fall into a shaft and drop 2 floors!
  3550 | D:6      | HP: 3/66 [poisoned by a worker ant]
  3556 | D:6      | HP: 3/66 [poisoned by a worker ant]
  3562 | D:6      | HP: 2/66 [poisoned by a worker ant]
  3571 | D:5      | Entered Level 5 of the Dungeon
  3581 | D:5      | Reached skill level 4 in Axes
  3591 | D:5      | Found a stormy altar of Qazlal.
  3597 | D:5      | HP: 3/66 [leopard gecko (1)]
  3976 | D:5      | Found a snail-covered altar of Cheibriados.
  3976 | D:5      | Found an ornate altar of the Wu Jian Council.
  3981 | D:5      | Became a worshipper of Cheibriados the Contemplative
  3990 | D:5      | Reached XP level 8. HP: 33/73 MP: 8/8
  4065 | D:5      | Found a basalt altar of Yredelemnul.
  4098 | D:5      | Found a staircase to the Ecumenical Temple.
  4256 | D:6      | Reached skill level 5 in Fighting
  4256 | D:6      | Reached skill level 5 in Axes
  4552 | D:6      | Reached * piety under Cheibriados
  5111 | D:7      | Reached skill level 6 in Axes
  5359 | D:7      | Reached skill level 5 in Dodging
  5359 | D:7      | Reached XP level 9. HP: 64/81 MP: 9/9
  5452 | D:7      | Reached ** piety under Cheibriados
  5465 | D:7      | Found Yfoemnen's Assorted Antiques.
  5720 | D:7      | Bought a scroll labeled CYDWISSO WEZA for 37 gold pieces
  5777 | D:7      | Found a white marble altar of Elyvilon.
  6107 | D:8      | Found a hide-covered altar of Uskayaw.
  6111 | D:8      | Noticed a +0 dagger
  6111 | D:8      | Noticed a +0 dagger
  6179 | D:8      | Reached skill level 7 in Axes
  7043 | D:8      | Noticed Pikel
  7052 | D:8      | Killed Pikel
  7052 | D:8      | Reached skill level 8 in Axes
  7052 | D:8      | Reached skill level 5 in Throwing
  7057 | D:8      | Reached XP level 10. HP: 46/92 MP: 10/10
  7716 | D:8      | Reached *** piety under Cheibriados
  8835 | D:9      | Reached skill level 1 in Invocations
  8849 | D:9      | Got a brightly glowing war axe
  8861 | D:9      | Identified the cursed +2 war axe "Dyach" {flame, Int+2}
                  | (You found it on level 9 of the Dungeon)
  8918 | D:9      | Found an opulent altar of Gozag.
  8930 | D:9      | Reached skill level 1 in Evocations
  9511 | D:10     | Entered Level 10 of the Dungeon
  9557 | D:10     | Reached **** piety under Cheibriados
  9737 | D:10     | Got a translucent ring mail
  9748 | D:10     | Identified the cursed +1 ring mail of Ishimn {rPois} (You
                  | found it on level 10 of the Dungeon)
  9882 | D:10     | Noticed a two-headed ogre
  9890 | D:10     | Slain by a two-headed ogre

Illustrated notes

Levels and vault maps discovered:
D:1:      dpeg_arrival_chambers_temple_mockup, layout_rooms, due_unseen_surprise
D:2:      layout_basic, fedhas_ov_isle_minmay, chequers_ecumenical_altar_grove,
          guppyfry_early_orc_mine, uniq_sigmund
D:3:      layout_basic, kiku_gazebo_garden_becter, uniq_ijyb
D:4:      cheibrodos_barr_body, layout_loops_ring, lemuel_coloured_pillars_altar
D:5:      layout_cave_pools, yredelemnul_forgotten_temple_becter,
          chequers_temple_overflow_statue_of_worship, minmay_temple_entry_ruins,
          first_ration, serial_shops, kennysheep_little_box,
          portal_sewer_entry_f, grunt_qazlal_clouds
D:6:      layout_basic, nicolae_overflow_hidden_temple, enter_ossuary_2,
          hangedman_minor_gate_pass
D:7:      layout_rooms, elyvilon_altar_5, serial_shops, nicolae_shop_trees
D:8:      layout_layer_cave, dancing_weapons_uskayaw, uniq_pikel
D:9:      layout_loops_corners, lemuel_crystal_altar
D:10:     layout_loops_ring, dpeg_oklobed_lair, orc_0_dummy, serial_ice,
          serial_ice_h, serial_ice_i, serial_ice_c, serial_ice_f, serial_ice_n,
          serial_ice_a, ebering_ghost_xom

Skill      XL: |  1  2  3  4  5  6  7  8  9 10 |
---------------+-------------------------------+-----
Dodging        | 3 4 5 6 |  6.4
Armour         | 2 3 |  3.4
Fighting       | 3 4 5 6 7 |  7.3
Stealth        | 1 2 |  2.8
Throwing       | 2 3 5 |  5.3
Axes           | 4 6 8 |  8.9
Invocations    | 2 |  2.4
Evocations     | 2 |  2.2

Action                   |  1- 3 |  4- 6 |  7- 9 | 10-12 || total
-------------------------+-------+-------+-------+-------++-------
Melee: War axe           |    99 |   143 |   382 |   143 ||   767
Throw: Throwing net      |     1 |     2 |     1 |       ||     4
       Dart              |       |       |    15 |    13 ||    28
Invok: Slouch            |       |       |       |     1 ||     1
       Temporal Distorti |       |       |       |     1 ||     1
 Abil: Spit Poison       |     1 |     2 |    10 |    10 ||    23
Evoke: Wand              |       |       |    10 |     5 ||    15
  Use: Potion            |       |     1 |     6 |       ||     7
       Scroll            |       |       |     9 |       ||     9
 Stab: Sleeping          |     2 |     1 |     1 |     4 ||     8
       Invisible         |       |       |     1 |       ||     1
  Eat: Chunk             |     1 |     5 |     8 |     1 ||    15
       Ration            |       |       |       |     2 ||     2
Armor: Leather armour    |    19 |       |       |       ||    19
       Ring mail         |       |    78 |   188 |    63 ||   329
Dodge: Dodged            |    61 |   100 |   315 |   106 ||   582
Block: Other             |       |       |       |     1 ||     1
